 Dungeon Crawl Stone Soup version 0.27.1-35-g4d5d836560 (webtiles) character file.

Game seed: 10798884434933688771

28 Froggeryz the Cutter (level 3, -4/26 HPs)
             Began as an Octopode Berserker on Apr 26, 2022.
             Was a Follower of Trog.
             Slain by a hobgoblin (5 damage)
             ... led by Robin
             ... on level 2 of the Dungeon.
             The game lasted 00:01:10 (1084 turns).

Froggeryz the Cutter (Octopode Berserker)           Turns: 1084, Time: 00:01:10

Health: -4/26      AC:  1    Str: 16    XL:     3   Next: 12%
Magic:  3/3        EV: 13    Int:  9    God:    Trog [*.....]
Gold:   52         SH:  0    Dex: 12    Spells: 2/2 levels left

rFire    . . .     SeeInvis .   d - +1 dagger (speed)
rCold    . . .     Faith    .   (no shield)
rNeg     . . .     Spirit   .   (helmet restricted)
rPois    .         Reflect  .   (no amulet)
rElec    .         Harm     .   (no ring)
rCorr    .         Rampage  .   (no ring)
Will     .....                  (no ring)
Stlth    +++.......             (no ring)
HPRegen  0.08/turn              (no ring)
MPRegen  0.08/turn              (no ring)
                                (no ring)
                                (no ring)

@: no status effects
A: almost no armour, amphibious, 8 rings, camouflage 1, gelatinous body 1,
(nimble swimmer 1), tentacles
a: Renounce Religion, Berserk


You were on level 2 of the Dungeon.
You worshipped Trog.
Trog was aware of your devotion.
You visited 1 branch of the dungeon, and saw 2 of its levels.

You collected 52 gold pieces.

Inventory:

Hand Weapons
 d - a +1 dagger of speed (weapon)
Scrolls
 a - a scroll of enchant armour
 b - a scroll of noise {unknown}
 f - a scroll of silence


   Skills:
 - Level 3.0 Fighting
 * Level 3.9 Short Blades
 - Level 3.0 Dodging
 + Level 1.7 Stealth


You had 2 spell levels left.
You didn't know any spells.
Your spell library was empty.

Dungeon Overview and Level Annotations

Branches:
Dungeon (2/15)

Altars:

Annotations:
D:2 Robin, Sigmund


Innate Abilities, Weirdness & Mutations

You cannot wear most types of armour.
You are amphibious.
You can wear up to eight rings at the same time.
Your skin changes colour to match your surroundings (Stealth+).
Your rubbery body absorbs attacks. (AC +1, EV +1)
((You are camouflaged near water. (Stealth+)))
You have tentacles for arms and can constrict up to eight enemies at once.


Message History

Your squeeze misses the adder.
The adder is heavily wounded.
You hit the adder but do no damage. Your grab misses the adder.
Your squeeze misses the adder.
The adder is heavily wounded.
The adder bites you.
You are poisoned.
The adder poisons you!
You miss the adder. Your grab misses the adder. Your squeeze misses the adder.
The adder is heavily wounded.
You feel sick. The adder misses you. The goblin hits you but does no damage.
You completely miss the adder. Your grab misses the adder.
The adder is heavily wounded.
The hobgoblin closely misses you.
You hit the adder. Your grab misses the adder.
The adder is severely wounded.
You feel sick. The adder bites you.
You are more poisoned.
The adder poisons you!
A goblin comes into view. It is wielding a +0 dagger.
The goblin closely misses you.
Okay, then.
Okay, then.
You feel sick. The goblin hits you with a +0 club.
You feel sick. The hobgoblin hits you.
* * * LOW HITPOINT WARNING * * *
* * * LOW HITPOINT WARNING * * *
You feel sick.
Found a scroll labelled DACSES AGAG.
* * * LOW HITPOINT WARNING * * *
You feel sick.
Unknown command.
* * * LOW HITPOINT WARNING * * *
You feel sick.
It was a potion of magic.
Magic courses through your body.
* * * LOW HITPOINT WARNING * * *
You feel sick.
You are no longer poisoned.
The hobgoblin hits you.
You die...

............# ...........
............####..........
.......#...................
.....gS#..g................
...gg..#....#............#
...g...#.gg.#............#
.......#..g........###...##.
.g.....#.gg##...#...........
#+####....S@....+...........
#.....##...#...........
#.....##...............
.......##...............
.........................
.............#...........
##.?.......###...........
#...... .. #...........
#...........


You could see Robin, an adder, a hobgoblin and 4 goblins.

Vanquished Creatures
  A dart slug (D:1)
  An endoplasm (D:1)
  5 goblins (D:1)
  5 hobgoblins (D:1)
  A quokka (D:1)
  6 ball pythons (D:1)
  A bat (D:1)
  A frilled lizard (D:2)
  3 rats
24 creatures vanquished.

Notes
Turn   | Place    | Note
-------+----------+-------------------------------------------
     0 | D:1      | Froggeryz the Octopode Berserker began the quest for the
                  | Orb.
     0 | D:1      | Reached XP level 1. HP: 16/16 MP: 1/1
   263 | D:1      | Reached XP level 2. HP: 21/21 MP: 2/2
   425 | D:1      | Reached skill level 1 in Stealth
   729 | D:1      | Found a faded altar of an unknown god.
   757 | D:1      | Reached XP level 3. HP: 26/26 MP: 3/3
  1043 | D:2      | Noticed Sigmund
  1065 | D:2      | Noticed Robin
  1083 | D:2      | HP: 1/26 [poisoned by an adder]
  1084 | D:2      | Slain by a hobgoblin

Illustrated notes

Levels and vault maps discovered:
D:1:      nagdon_arrival_zigzag_paths, layout_basic,
          shapermc_ecumenical_altar_totnotflames
D:2:      layout_basic, uniq_sigmund, uniq_robin

Skill      XL: |  1  2 |
---------------+-------+-----
Stealth        | 1 |  1.7
Fighting       | |  3.0
Short Blades   | |  3.9
Dodging        | |  3.0

Action                   || total
-------------------------++-------
Melee: Short sword       ||    30
       Constrict         ||     9
       Tentacles         ||     9
       Dagger            ||    25
  Use: Scroll            ||     3
       Potion            ||     1
 Stab: Sleeping          ||     3
Armor: Skin              ||     4
Dodge: Dodged            ||    27
